Map: Ancient Cistern LE

Players

PiG - Winner!

  • Race: Terran Terran
  • League: Master
  • Spawn Location: 7:00

DisReSpeCT

  • Race: Terran Terran
  • League: Grandmaster
  • Spawn Location: 1:00

VOD

Have the link to the VOD?

Description

Time

  • Played on: April 24, 2023, 6:47 p.m.
  • Length: 17:22
Show
View Real Time Build Order
Export as new Build Order

PiG Terran - Winner!

Build Orders: Cyclone Opening 

Get SALT Encoding   

  12  0:00  SCV  
  13  0:12  SCV  
  14  0:18  Supply Depot  
  14  0:24  SCV  
  15  0:39  SCV  
  15  0:40  Barracks  
  16  0:44  Refinery  
  16  0:51  SCV  
  16  0:53  Refinery  
  17  1:03  SCV  
  18  1:15  SCV  
  19  1:28  Orbital Command, Reaper  
  20  1:34  Supply Depot  
  20  1:43  Factory  
  21  1:54  SCV  
  21  2:00  Reaper  
  22  2:06  SCV  
  23  2:16  Command Center  
  23  2:19  SCV  
  23  2:31  Factory Tech Lab  
  23  2:32  SCV, Barracks Reactor  
  24  2:42  Supply Depot  
  24  2:45  SCV  
  24  2:51  Cyclone  
  28  2:57  SCV  
  29  2:58  Barracks  
  29  3:09  SCV, Marine x2  
  32  3:21  SCV  
  32  3:23  Cyclone  
  36  3:28  Starport  
  36  3:31  Orbital Command  
  36  3:35  SCV  
  36  3:40  Marine  
  38  3:41  Marine  
  38  3:47  SCV, Barracks Tech Lab  
  40  3:59  SCV  
  40  4:00  SCV  
  40  4:01  Marine x2, Factory Reactor  
  40  4:02  Marine, Stimpack  
  45  4:11  SCV  
  45  4:13  SCV  
  45  4:15  Supply Depot  
  47  4:19  Marine, Supply Depot  
  47  4:23  SCV  
  49  4:26  SCV  
  49  4:28  Marine x2  
  52  4:35  SCV  
  52  4:36  Marine  
  52  4:38  SCV  
  55  4:41  Medivac  
  55  4:42  Medivac  
  59  4:45  Marine x2  
  59  4:47  SCV, Factory Tech Lab  
  59  4:50  SCV  
  59  4:51  Barracks  
  63  4:54  Marine  
  63  4:59  SCV  
  65  5:03  Marine x2  
  65  5:04  SCV  
  68  5:07  Supply Depot  
  68  5:08  Supply Depot  
  68  5:12  Marine  
  69  5:20  SCV  
  70  5:22  Starport Reactor  
  70  5:24  Refinery  
  70  5:25  Refinery  
  70  5:28  SCV, Siege Tank, Marine x2, Engineering Bay  
  70  5:30  Engineering Bay  
  76  5:42  SCV  
  77  5:45  Marine  
  75  5:55  Command Center  
  75  5:58  SCV, Marine x2  
  75  5:59  Terran Infantry Armor Level 1, Terran Infantry Weapons Level 1  
  75  6:01  Siege Tank  
  81  6:04  Barracks  
  81  6:06  Barracks  
  81  6:11  Medivac  
  81  6:12  Marine x3  
  86  6:20  SCV, Supply Depot  
  86  6:21  SCV, Supply Depot  
  88  6:29  Combat Shield  
  88  6:42  Marine x3  
  88  6:43  Siege Tank, Medivac  
  88  6:44  Supply Depot  
  88  6:45  Supply Depot  
  96  6:50  SCV  
  96  6:51  SCV  
  96  6:53  Barracks Reactor x2  
  98  6:57  Armory  
  98  7:03  SCV x2, Marine x2  
  102  7:19  Marine, Orbital Command  
  102  7:20  Supply Depot  
  102  7:21  Marine, Supply Depot  
  102  7:22  Marine x2  
  105  7:30  Marine x4  
  106  7:40  Marine x5  
  106  7:41  Siege Tank  
  106  7:42  Medivac  
  116  7:45  SCV x2  
  116  7:48  SCV  
  119  7:52  Marine  
  119  7:57  SCV  
  121  8:09  Marine x3  
  121  8:10  Terran Infantry Armor Level 2, Terran Infantry Weapons Level 2  
  121  8:11  Terran Vehicle Weapons Level 1  
  124  8:12  Medivac  
  124  8:18  SCV x3  
  129  8:20  Command Center  
  129  8:28  Marine x3  
  129  8:32  SCV x3  
  134  8:34  Refinery  
  134  8:35  Refinery  
  134  8:37  Marine x2  
  134  8:38  Factory  
  136  8:43  Barracks Reactor  
  136  8:44  SCV x2  
  138  8:48  Marine x2  
  138  8:51  Medivac x2  
  138  8:54  Siege Tank  
  147  8:56  SCV x3  
  150  9:03  Supply Depot  
  150  9:04  Supply Depot  
  150  9:07  Marine  
  150  9:08  SCV x3  
  153  9:11  Command Center  
  153  9:15  Marine x3  
  156  9:21  Medivac  
  157  9:25  Marine  
  157  9:26  Siege Tank, Viking  
  157  9:27  Siege Tank  
  157  9:29  Supply Depot  
  157  9:30  Supply Depot  
  166  9:39  Marine x4  
  166  9:44  SCV  
  166  9:45  Starport  
  171  9:46  SCV  
  172  9:53  Command Center  
  172  9:54  Supply Depot  
  172  9:56  Supply Depot  
  172  9:57  Barracks, Marine x6  
  172  9:58  Barracks x2, Marine x2  
  180  10:18  Siege Tank x2, Medivac  
  180  10:19  Marine x2  
  190  10:22  Reaper  
  180  10:39  Marine x2  
  180  10:42  Marine x2, Medivac  
  130  10:50  Siege Tank x2  
  130  10:51  Marine x2, Viking  
  130  10:53  Starport Reactor  
  140  11:00  Refinery  
  136  11:04  Refinery  
  136  11:06  Marine x8  
  136  11:07  Barracks Reactor x3  
  136  11:08  SCV  
  136  11:09  SCV x2, Marine x2  
  149  11:12  Viking  
  149  11:15  Planetary Fortress  
  151  11:20  Missile Turret  
  151  11:21  SCV x2  
  151  11:24  Marine x5  
  151  11:25  Siege Tank  
  161  11:29  Terran Infantry Weapons Level 3  
  161  11:36  Marine x3  
  161  11:38  Planetary Fortress  
  162  11:43  Siege Tank, Medivac  
  167  11:49  Marine  
  167  11:50  Marine  
  167  11:51  Medivac  
  168  11:57  Siege Tank  
  168  12:04  Marine  
  168  12:05  Medivac  
  171  12:08  Viking  
  171  12:13  Viking  
  171  12:15  Siege Tank  
  178  12:21  Marine x2, Terran Infantry Armor Level 3  
  178  12:22  Marine x3  
  183  12:29  Siege Tank  
  181  12:46  Marine  
  181  12:47  Siege Tank  
  182  12:54  Viking x2  
  182  12:55  Marine, Viking  
  182  12:58  Fusion Core  
  189  13:00  SCV  
  189  13:01  Siege Tank  
  189  13:03  Starport  
  193  13:07  Viking  
  193  13:09  Refinery  
  193  13:11  Refinery  
  193  13:12  Terran Vehicle Weapons Level 2  
  194  13:24  Viking  
  195  13:38  Marine x2  
  176  13:56  Marine  
  176  13:57  Siege Tank, Marine x8  
  176  13:58  Medivac  
  190  14:05  Marine x2  
  190  14:07  Liberator x2  
  190  14:08  Advanced Ballistics  
  198  14:14  Missile Turret  
  198  14:30  Marine x3  
  199  14:37  Missile Turret  
  198  14:40  Viking  
  195  14:59  Siege Tank, Viking  
  171  15:04  Marine x16  
  168  15:16  Command Center x2  
  168  15:17  Command Center  
  168  15:18  Command Center  
  168  15:20  Command Center  
  162  15:21  Marine  
  162  15:22  Marine x15  
  178  15:34  Siege Tank, Viking x2  
  185  15:36  Command Center  
  185  15:39  Marine x3  
  185  15:40  Marine x4  
  192  16:01  Marine x2  
  192  16:02  Siege Tank  
  192  16:03  Refinery, Viking  
  192  16:04  Marine  
  194  16:12  Marine x4  
  194  16:17  Marine x2  
  198  16:24  Marine x5  
  198  16:41  Viking  
  198  16:44  Marine  
  198  16:45  Orbital Command x3  
  198  16:46  Orbital Command  
  200  16:51  Command Center  
  200  16:52  Refinery  
  200  16:53  Refinery  
Show
View Real Time Build Order
Export as new Build Order

DisReSpeCT Terran 

Build Orders: Reaper Expand 

Get SALT Encoding   

  12  0:00  SCV  
  13  0:12  SCV  
  14  0:17  Supply Depot  
  14  0:24  SCV  
  15  0:38  SCV  
  15  0:40  Barracks  
  16  0:42  Refinery  
  16  0:50  SCV  
  17  1:03  SCV  
  18  1:15  SCV  
  19  1:27  Orbital Command, Reaper  
  20  1:39  Command Center  
  20  1:50  Supply Depot  
  20  1:53  SCV  
  21  1:59  Marine  
  22  2:07  Factory  
  22  2:08  SCV  
  23  2:18  Refinery  
  23  2:20  SCV, Barracks Reactor  
  23  2:32  Bunker, SCV  
  24  2:44  SCV  
  25  2:51  Hellion  
  25  2:53  Starport, Orbital Command  
  27  3:00  Marine x2  
  29  3:06  SCV  
  30  3:13  Factory Tech Lab  
  30  3:18  SCV, Marine x2  
  33  3:20  SCV  
  34  3:29  Supply Depot  
  34  3:31  SCV  
  34  3:32  SCV  
  34  3:33  Cyclone, Starport Tech Lab  
  39  3:43  SCV  
  39  3:44  SCV  
  41  3:53  Command Center  
  41  3:55  Marine, Raven  
  43  3:58  SCV  
  43  3:59  SCV  
  43  4:01  Marine  
  47  4:10  Siege Tank, SCV  
  47  4:11  SCV  
  52  4:20  Refinery  
  52  4:22  SCV  
  52  4:24  SCV  
  54  4:27  Barracks  
  54  4:29  Supply Depot  
  54  4:39  Starport Reactor, Stimpack  
  54  4:40  Barracks  
  54  4:50  Marine, Supply Depot  
  54  4:51  SCV x2  
  57  4:56  Siege Tank  
  60  5:00  Refinery  
  60  5:03  SCV x2  
  62  5:07  Engineering Bay  
  62  5:08  Engineering Bay  
  62  5:09  Orbital Command  
  62  5:15  SCV x2, Marine  
  62  5:16  Marine  
  66  5:22  Supply Depot  
  66  5:26  Marine  
  66  5:27  SCV  
  68  5:30  Siege Tank  
  68  5:31  Starport Reactor  
  68  5:33  Marine  
  68  5:34  Marine x3  
  75  5:37  SCV x2  
  77  5:42  Terran Infantry Weapons Level 1  
  77  5:43  Terran Infantry Armor Level 1  
  77  5:48  Marine  
  75  5:51  Marine  
  75  5:52  Marine  
  75  5:53  Marine  
  78  5:57  SCV x2  
  78  5:58  Marine  
  78  6:00  SCV  
  78  6:02  Supply Depot  
  82  6:06  Marine  
  83  6:12  Marine, Medivac x2  
  83  6:13  Marine x2  
  83  6:16  Marine, Supply Depot  
  91  6:19  Supply Depot  
  91  6:23  Siege Tank  
  91  6:24  Marine  
  95  6:26  Combat Shield  
  95  6:30  Marine  
  96  6:35  Marine  
  96  6:36  Marine x2  
  98  6:41  Marine  
  98  6:47  Barracks x2  
  96  6:48  Marine  
  96  6:49  Medivac x2  
  96  6:53  SCV x3, Marine  
  105  6:59  Supply Depot  
  105  7:02  Marine x3  
  105  7:06  Marine  
  109  7:11  Marine, Orbital Command  
  110  7:19  Marine  
  110  7:20  Marine  
  112  7:23  Armory  
  112  7:24  Supply Depot  
  112  7:25  Marine  
  113  7:38  SCV  
  113  7:39  SCV x2, Marine x4  
  113  7:40  Siege Tank  
  113  7:42  Barracks Reactor  
  113  7:43  Barracks Reactor, Marine  
  124  7:49  Sensor Tower  
  124  7:50  SCV  
  125  7:58  Marine x4  
  124  7:59  Medivac x2  
  124  8:00  Marine  
  129  8:09  SCV x2  
  129  8:11  Terran Infantry Weapons Level 2  
  131  8:16  Marine x2  
  131  8:18  Terran Infantry Armor Level 2  
  133  8:20  Marine  
  133  8:39  Supply Depot  
  133  8:40  Marine x4, Viking x2  
  141  8:52  Refinery  
  141  8:53  Refinery  
  141  8:57  Terran Vehicle Weapons Level 1, Command Center  
  141  9:00  Marine x4  
  141  9:01  SCV, Siege Tank  
  149  9:03  Supply Depot  
  149  9:04  Supply Depot  
  149  9:14  Marine x2  
  149  9:24  SCV x2, Marine x6  
  149  9:25  Marine  
  158  9:32  Marine x2  
  158  9:35  Barracks  
  158  9:36  Barracks x2  
  159  9:38  Supply Depot, Medivac x2  
  159  9:39  Supply Depot  
  159  9:42  Marine x2  
  165  9:47  Supply Depot  
  165  9:51  Supply Depot  
  165  9:53  SCV, Siege Tank, Marine x4  
  173  10:00  Marine  
  174  10:07  Sensor Tower, Missile Turret  
  174  10:08  Missile Turret  
  173  10:18  Marine x7  
  173  10:19  Medivac  
  173  10:20  Medivac  
  170  10:42  Marine x12  
  128  10:43  Siege Tank  
  129  10:52  Planetary Fortress  
  129  10:55  Medivac  
  128  11:00  Marine x10  
  128  11:01  Marine x2  
  140  11:08  Terran Infantry Weapons Level 3  
  140  11:10  SCV  
  140  11:11  SCV x2  
  143  11:16  Sensor Tower  
  143  11:18  Marine x4  
  147  11:21  Terran Infantry Armor Level 3  
  147  11:23  Marine x2  
  147  11:24  Barracks Reactor  
  149  11:26  Marine x2  
  149  11:28  Marine  
  149  11:29  Marine  
  153  11:38  Marine x5  
  158  11:48  Marine  
  159  11:57  Marine x10  
  165  12:06  Marine x3  
  165  12:07  SCV x4  
  172  12:10  Command Center  
  172  12:15  Marine x2  
  173  12:18  Barracks Reactor x2  
  174  12:31  Marine x9  
  174  12:33  Marine x2  
  183  12:48  Marine  
  183  12:49  Marine x8  
  183  12:51  Marine x2  
  179  12:53  Siege Tank  
  179  12:54  Viking x2  
  186  12:59  Factory  
  186  13:06  Marine x2  
  186  13:08  Marine x8  
  196  13:13  Marine x2  
  198  13:21  Terran Vehicle Weapons Level 2  
  198  13:37  Marine  
  198  13:38  Marine x4  
  192  13:57  SCV  
  192  13:58  SCV  
  192  13:59  Planetary Fortress  
  192  14:02  Marine x6  
  200  14:12  Sensor Tower  
  200  14:16  Hi-Sec Auto Tracking, Neosteel Armor  
  199  14:17  Sensor Tower  
  199  14:20  Command Center  
  199  14:25  Marine  
  105  15:00  Marine  
  105  15:02  Marine x14  
  105  15:03  Siege Tank, Medivac x2  
  120  15:18  Marine  
  120  15:20  Marine x14  
  131  15:28  Factory Tech Lab  
  131  15:35  Siege Tank, Marine  
  134  15:37  Refinery x2, Marine  
  134  15:38  Marine x6, Medivac x2  
  134  15:41  Orbital Command  
  146  15:44  Marine  
  146  15:45  Marine x6  
  153  15:53  Marine  
  153  15:55  Marine x3  
  146  16:11  Marine x12  
  145  16:12  Siege Tank x2  
  145  16:13  Marine  
  145  16:16  Orbital Command  
  162  16:25  Marine x2  
  151  16:28  Marine  
  151  16:29  Marine x7  
  150  16:43  Marine  
  150  16:44  Siege Tank x2  
  145  16:48  Marine x2  
  145  16:49  Marine x11  
Tags
 
Add a new tag
Caveats
  • Supply blocks, unpowered buildings, or Contaminate may cause inaccurate times.
  • Supply counts are checked every 10 seconds.